 Dungeon Crawl Stone Soup version 0.16.1-25-gbcee3f8 (webtiles) character file.

9832 rnd the Thaumaturge (level 11, -1/59 HPs)
             Began as a Deep Elf Fire Elementalist on May 20, 2015.
             Was an Elder of Vehumet.
             Slain by an eight-headed hydra (14 damage)
             ... on level 1 of the Lair of Beasts.
             The game lasted 03:59:49 (11916 turns).

rnd the Thaumaturge (Deep Elf Fire Elementalist)   Turns: 11916, Time: 03:59:49

Health: -1/59      AC:  9    Str:  5    XL:     11   Next: 28%
Magic:  15/30      EV: 13    Int: 24    God:    Vehumet [****..]
Gold:   372        SH:  0    Dex: 15    Spells: 10 memorised, 8 levels left

rFire  + . .     SeeInvis .     C - +4 dagger (chaos)
rCold  . . .     Clarity  .     a - +2 robe
rNeg   . . .     SustAb   .     (no shield)
rPois  +         Gourm    +     y - +2 hat
rElec  .         Spirit   .     D - +2 cloak
rCorr  .         Warding  .     (no gloves)
rMut   .         Stasis   .     (no boots)
MR     +....                    u - amulet of the gourmand
Stlth  ++........               z - ring of protection from fire
                                f - ring of poison resistance

@: somewhat resistant to hostile enchantments, unstealthy
A: hooves 1, low mp 1, mutation resistance 1, robust 1
a: Renounce Religion


You were on level 1 of the Lair of Beasts.
You worshipped Vehumet.
Vehumet was greatly pleased with you.
You were full.

You visited 3 branches of the dungeon, and saw 12 of its levels.

You collected 462 gold pieces.
You spent 90 gold pieces at shops.

Inventory:

Hand weapons
 C - a +4 dagger of chaos (weapon)
Armour
 a - a +2 robe (worn)
 y - a +2 hat (worn)
 D - a +2 cloak (worn)
Jewellery
 f - a ring of poison resistance (left hand)
 u - an amulet of the gourmand (around neck)
 z - a ring of protection from fire (right hand)
Magical devices
 s - a wand of polymorph (20)
Scrolls
 e - 3 scrolls of teleportation
 g - 2 scrolls of enchant armour
 h - 4 scrolls of remove curse
 x - 3 scrolls of identify
Potions
 j - a potion of brilliance
 l - a potion of might
 m - 4 potions of restore abilities
 n - 2 potions of lignification
 v - a potion of curing
 A - 2 potions of agility
 G - a potion of cancellation
Books
 b - a book of Flames

   Spells                             Type                      Level
   a - Flame Tongue                   Conjuration/Fire             1
   b - Throw Flame                    Conjuration/Fire             2
   c - Conjure Flame                  Conjuration/Fire             3
   d - Inner Flame                    Hexes/Fire                   3
   e - Sticky Flame                   Conjuration/Fire             4
   f - Fireball                       Conjuration/Fire             5
 p - a book of Clouds

   Spells                             Type                      Level
   a - Mephitic Cloud                 Conjuration/Poison/Air       3
   b - Conjure Flame                  Conjuration/Fire             3
   c - Poisonous Cloud                Conjuration/Poison/Air       6
   d - Freezing Cloud                 Conjuration/Ice/Air          6
   e - Ring of Flames                 Charms/Fire                  7
 r - a book of Geomancy

   Spells                             Type                      Level
   a - Sandblast                      Earth                        1
   b - Stoneskin                      Transmutation/Earth          2
   c - Passwall                       Transmutation/Earth          3
   d - Stone Arrow                    Conjuration/Earth            3
   e - Petrify                        Transmutation/Earth          4
   f - Lee's Rapid Deconstruction     Earth                        5
 t - a book of Conjurations

   Spells                             Type                      Level
   a - Magic Dart                     Conjuration                  1
   b - Searing Ray                    Conjuration                  2
   c - Dazzling Spray                 Conjuration/Hexes            3
   d - Fulminant Prism                Conjuration/Hexes            4
   e - Iskenderun's Mystic Blast      Conjuration                  4
   f - Iskenderun's Battlesphere      Conjuration/Charms           5
 w - a book of Frost

   Spells                             Type                      Level
   a - Freeze                         Ice                          1
   b - Throw Frost                    Conjuration/Ice              2
   c - Ozocubu's Armour               Charms/Ice                   3
   d - Throw Icicle                   Conjuration/Ice              4
   e - Summon Ice Beast               Ice/Summoning                4
   f - Condensation Shield            Ice                          4
Miscellaneous
 F - a phantom mirror
Comestibles
 c - 7 bread rations
 d - 3 slices of pizza
 i - 2 meat rations
 k - 3 beef jerkies
 o - 24 fruits
 q - 14 royal jellies
 B - a chunk of flesh


   Skills:
   Level 0.8 Staves
 - Level 2.5 Dodging
 - Level 2.4 Stealth
 + Level 13.3 Spellcasting
 + Level 11.6 Conjurations
 - Level 1.0 Hexes
 + Level 0.7 Transmutations
 + Level 10.9 Fire Magic
 - Level 0.2 Air Magic


You had 8 spell levels left.
You knew the following spells:

 Your Spells              Type           Power        Failure   Level  Hunger
a - Flame Tongue          Conj/Fire      #####        1%          1    None
b - Throw Flame           Conj/Fire      ######       1%          2    None
c - Conjure Flame         Conj/Fire      ######..     1%          3    None
d - Inner Flame           Hex/Fire       #####...     1%          3    None
e - Sticky Flame          Conj/Fire      ######..     1%          4    None
f - Mephitic Cloud        Conj/Pois/Air  ####....     1%          3    None
g - Fireball              Conj/Fire      ######....   1%          5    ###....
h - Magic Dart            Conj           ####         1%          1    None
i - Passwall              Trmt/Erth      ###.......   12%         3    None
j - Dazzling Spray        Conj/Hex       #####...     1%          3    None


Dungeon Overview and Level Annotations

Branches:
Dungeon (10/15)            Temple (1/1) D:4            Lair (1/8) D:8
    Orc: D:9-12

Altars:
Ashenzari
Cheibriados
Dithmenos
Elyvilon
Fedhas
Gozag
Kikubaaqudgha
Makhleb
Nemelex Xobeh
Okawaru
Qazlal
Ru
Sif Muna
Trog
Vehumet
Xom
Yredelemnul
Zin
The Shining One

Shops:
D:4 }!=(   D:6 =   D:8 *%*=(


Innate Abilities, Weirdness & Mutations

You have large cloven feet.
Your magical capacity is low (-10% MP).
You are somewhat resistant to further mutation.
You are robust (+10% HP).


Message History

The eight-headed hydra is severely wounded.
The eight-headed hydra bites you! The eight-headed hydra bites you.
The eight-headed hydra bites you!
The eight-headed hydra barely misses you.
The eight-headed hydra bites you. x3
The eight-headed hydra barely misses you.
Casting: Dazzling Spray
Confirm with . or Enter, or press ? or * to list all spells.
Aiming: Dazzling Spray
Press: ? - help, Shift-Dir - straight line, f/p - eight-headed hydra
Aim: an eight-headed hydra (severely wounded)
The spray of energy hits the eight-headed hydra.
The eight-headed hydra is almost dead.
The eight-headed hydra is dazzled.
The eight-headed hydra barely misses you.
The eight-headed hydra bites you but does no damage.
The eight-headed hydra bites you!!
* * * LOW HITPOINT WARNING * * *
The eight-headed hydra bites you!
You die...

#.................# ..#
#................## ....#
##..######........# ....#
###...# #.........# .....
.....# ##........# .....
....# ##......... ....# #..#
###.......... ....#
#..###.##........# ....###
##...D@...........#
....#.#####..รท######........
...............# #..#####.
..............## #..#
...#P#######..# #.## ...###
##.# ... ... #.# #.. ##. P.#
#.. #. #.. .


You could see an eight-headed hydra (blind).

Vanquished Creatures
  A spiny frog (Lair:1)
  Psyche (D:9)
  2 trolls (D:9)
  A wandering mushroom (D:8)
  A queen bee (D:9)
  Grinder (D:4)
  2 two-headed ogres
  A deep elf mage (D:9)
  10 yaks (D:9)
  A hippogriff (D:8)
  A steam dragon (D:7)
  A hungry ghost (D:9)
  2 water moccasins (Lair:1)
  The ghost of rnd the Firebug, an average DEFE (D:3)
  3 black bears
  2 orc warriors
  3 sky beasts
  2 ice beasts
  4 phantoms
  A crocodile (Lair:1)
  2 ogres
  Sigmund (D:5)
  2 big kobolds (D:9)
  Duvessa (D:5)
  A centaur (D:8)
  8 giant frogs
  A scorpion (D:4)
  25 killer bees (D:9)
  6 crimson imps
  A giant frog zombie (D:9)
  5 hounds
  Dowan (D:5)
  2 centaur zombies
  2 jellies
  Crazy Yiuf (D:6)
  9 orc priests
  2 centaur skeletons
  3 iguanas
  A giant frog skeleton (D:9)
  8 orc wizards
  14 worker ants
  A hound zombie (D:4)
  12 adders
  A giant mite (D:9)
  3 worms
  3 giant geckos
  4 oozes
  39 orcs
  4 ball pythons
  8 giant cockroaches
  13 goblins
  12 hobgoblins
  2 jackals (D:8)
  22 kobolds
  4 quokkas
  21 bats
  A giant gecko zombie (D:5)
  7 giant newts
  2 giant spores (D:8)
  8 rats
  2 ballistomycetes (D:8)
  3 fungi
309 creatures vanquished.

Notes
Turn   | Place    | Note
--------------------------------------------------------------
     0 | D:1      | rnd, the Deep Elf Fire Elementalist, began the quest for the Orb.
     0 | D:1      | Reached XP level 1. HP: 10/10 MP: 5/5
   158 | D:1      | Reached XP level 2. HP: 9/15 MP: 0/8
   164 | D:1      | Learned a level 2 spell: Throw Flame
   734 | D:2      | Found a burning altar of Makhleb.
   767 | D:2      | Reached skill level 4 in Spellcasting
   767 | D:2      | Reached XP level 3. HP: 19/19 MP: 8/12
   776 | D:2      | Learned a level 3 spell: Conjure Flame
   780 | D:2      | Learned a level 3 spell: Inner Flame
  1531 | D:3      | Reached XP level 4. HP: 24/24 MP: 10/15
  1893 | D:3      | Reached skill level 5 in Spellcasting
  2151 | D:3      | Noticed rnd's ghost (average DEFE)
  2300 | D:3      | Reached XP level 5. HP: 28/28 MP: 8/19
  2367 | D:3      | Learned a level 4 spell: Sticky Flame
  2854 | D:3      | Killed rnd's ghost
  2854 | D:3      | Reached skill level 6 in Spellcasting
  2854 | D:3      | Reached skill level 1 in Hexes
  2854 | D:3      | Reached skill level 5 in Fire Magic
  2854 | D:3      | Reached XP level 6. HP: 32/32 MP: 12/22
  3319 | D:4      | Found Irugod's Jewellery Shop.
  3338 | D:4      | Learned a level 3 spell: Mephitic Cloud
  3382 | D:4      | Found Subar's Distillery.
  3601 | D:4      | Reached skill level 7 in Spellcasting
  3601 | D:4      | Reached XP level 7. HP: 29/36 MP: 0/25
  3736 | D:4      | Found Xampior's Weapon Shop.
  3827 | D:4      | Found Ihaicarph's Gadget Boutique.
  3913 | D:4      | Noticed Grinder
  3945 | D:4      | Killed Grinder
  3945 | D:4      | Reached skill level 5 in Conjurations
  4027 | D:4      | Learned a level 5 spell: Fireball
  4029 | D:4      | Found a staircase to the Ecumenical Temple.
  4046 | D:4      | Reached XP level 8. HP: 37/41 MP: 4/27
  4051 | Temple   | Entered the Ecumenical Temple
  4144 | Temple   | Became a worshipper of Vehumet
  4820 | D:5      | Entered Level 5 of the Dungeon
  4997 | D:5      | Noticed Dowan
  4999 | D:5      | Noticed Duvessa
  5002 | D:5      | Killed Dowan
  5007 | D:5      | Killed Duvessa
  5096 | D:5      | Noticed Sigmund
  5107 | D:5      | Killed Sigmund
  5166 | D:5      | Acquired Vehumet's first power
  5166 | D:5      | Offered knowledge of Magic Dart by Vehumet.
  5218 | D:5      | Learned a level 1 spell: Magic Dart
  5240 | D:5      | Reached skill level 8 in Fire Magic
  5441 | D:5      | Found a deep blue altar of Sif Muna.
  5539 | D:5      | Identified a scroll of acquirement
  5698 | D:6      | Gained mutation: You have large cloven feet. [mutagenic meat]
  5700 | D:6      | Gained mutation: Your magical capacity is low (-10% MP). [mutagenic meat]
  5711 | D:6      | Found Hemuyhu's Jewellery Boutique.
  5821 | D:6      | Reached XP level 9. HP: 42/45 MP: 11/25
  5982 | D:6      | Found a bloodstained altar of Trog.
  6218 | D:6      | Noticed Crazy Yiuf
  6221 | D:6      | Killed Crazy Yiuf
  6365 | D:7      | Found an iron altar of Okawaru.
  6574 | D:7      | Gained mutation: You are robust (+10% HP). [potion of beneficial mutation]
  6907 | D:7      | Learned a level 3 spell: Passwall
  7026 | D:7      | Reached skill level 9 in Spellcasting
  7169 | D:7      | Offered knowledge of Throw Frost by Vehumet.
  7244 | D:7      | Gained mutation: You are somewhat resistant to further mutation. [potion of beneficial mutation]
  7683 | D:8      | Found Schuafem's Food Shop.
  7697 | D:8      | Found a staircase to the Lair.
  7861 | D:8      | Got a fine robe
  7894 | D:8      | Found Thruludgh's Weapon Emporium.
  7986 | D:8      | Offered knowledge of Static Discharge by Vehumet.
  7986 | D:8      | Reached skill level 10 in Spellcasting
  8053 | D:8      | You fall through a shaft!
  8300 | D:9      | Reached XP level 10. HP: 55/55 MP: 18/27
  8462 | D:9      | Acquired Vehumet's second power
  8462 | D:9      | Reached skill level 11 in Spellcasting
  8507 | D:9      | Reached skill level 10 in Conjurations
  8852 | D:9      | Reached skill level 10 in Fire Magic
  9173 | D:9      | Offered knowledge of Force Lance by Vehumet.
  9389 | D:9      | Reached skill level 12 in Spellcasting
  9656 | D:9      | Found a sacrificial altar of Ru.
  9910 | D:9      | Acquired Vehumet's third power
  9964 | D:9      | Offered knowledge of Bolt of Magma by Vehumet.
 10106 | D:9      | Noticed Psyche
 10228 | D:9      | Killed Psyche
 10228 | D:9      | Reached XP level 11. HP: 59/59 MP: 18/30
 10618 | D:8      | Found Hajourude's General Store.
 10618 | D:8      | Noticed a centaur skeleton
 10629 | D:8      | Killed a centaur skeleton
 10630 | D:8      | Reached skill level 13 in Spellcasting
 10820 | D:8      | Found Cosafe's Jewellery Shoppe.
 10926 | D:8      | Found Boar's Assorted Antiques.
 10941 | D:8      | Bought a scroll of remove curse for 90 gold pieces
 11328 | D:10     | Entered Level 10 of the Dungeon
 11483 | Lair:1   | Entered Level 1 of the Lair of Beasts
 11698 | Lair:1   | Learned a level 3 spell: Dazzling Spray
 11890 | Lair:1   | Noticed an eight-headed hydra
 11916 | Lair:1   | Slain by an eight-headed hydra

Action                   |  1- 3 |  4- 6 |  7- 9 | 10-12 || total
-------------------------+-------+-------+-------+-------++-------
Melee: Short sword       |       |     8 |    18 |       ||    26
       Quarterstaff      |       |       |    13 |       ||    13
       Unarmed           |       |       |     9 |     2 ||    11
       Dagger            |       |       |       |    34 ||    34
 Cast: Flame Tongue      |    71 |    84 |   178 |   127 ||   460
       Throw Flame       |     8 |    42 |    27 |     6 ||    83
       Conjure Flame     |       |     6 |    10 |     9 ||    25
       Inner Flame       |       |     6 |     7 |     7 ||    20
       Sticky Flame      |       |     5 |    13 |    33 ||    51
       Mephitic Cloud    |       |     1 |    12 |    11 ||    24
       Magic Dart        |       |       |    84 |    68 ||   152
       Fireball          |       |       |     8 |    22 ||    30
       Passwall          |       |       |     1 |       ||     1
       Dazzling Spray    |       |       |       |     3 ||     3
Evoke: Wand              |       |       |       |     1 ||     1
  Use: Scroll            |     9 |     1 |     8 |     8 ||    26
       Potion            |     2 |     3 |     7 |     2 ||    14
  Eat: Chunk             |     2 |     7 |    30 |    14 ||    53
